 Dungeon Crawl Stone Soup version 0.29.1-13-g9f3cf754e1 (webtiles) character file.

Game seed: 1659463360883832949

65 retardedninja the Conjurer (level 3, 0/26 HPs)
             Began as a Draconian Conjurer on Jan 24, 2023.
             Slain by a quokka (1 damage)
             ... on level 3 of the Dungeon.
             The game lasted 00:03:16 (2757 turns).

retardedninja the Conjurer (Draconian Conjurer)     Turns: 2757, Time: 00:03:17

Health: 0/26       AC:  5    Str: 11    XL:     3   Next: 92%
Magic:  0/6        EV: 12    Int: 18    God:
Gold:   136        SH:  0    Dex:  9    Spells: 6/7 levels left

rFire   . . .      SeeInvis .   e - +0 rapier
rCold   . . .      Faith    .   (no shield)
rNeg    . . .      Spirit   .   (body armour unavailable)
rPois   .          Reflect  .   (helmet restricted)
rElec   .          Harm     .   (no cloak)
rCorr   .          Rampage  .   (no gloves)
Will    .....                   (no boots)
Stlth   ++........              (no amulet)
HPRegen 0.08/turn               (no ring)
MPRegen 0.10/turn               (no ring)

@: no status effects
A: AC +5, unfitting armour, cold-blooded
a: no special abilities


You were on level 3 of the Dungeon.
You visited 1 branch of the dungeon, and saw 3 of its levels.

You collected 136 gold pieces.

Inventory:

Hand Weapons
 e - a +0 rapier (weapon)
Jewellery
 l - a ring of ice
 n - a ring of wizardry
 s - the ring of Hyjuimoi {rElec rC+ Will+}
   (You found it on level 3 of the Dungeon)

   [ring of protection from cold]

   rC:        It protects you from cold.
   rElec:     It insulates you from electricity.
   Will:      It increases your willpower.
Scrolls
 b - 2 scrolls of teleportation {unknown}
 d - a scroll of brand weapon {unknown}
 f - 6 scrolls of identify {unknown}
 h - 3 scrolls of noise {unknown}
 i - 2 scrolls of immolation {unknown}
 k - a scroll of vulnerability {unknown}
 o - a scroll of enchant weapon {unknown}
 p - a scroll of poison {unknown}
Potions
 a - a potion of magic
 c - a potion of heal wounds {unknown}
 g - 6 potions of curing {unknown}
 j - 2 potions of ambrosia {unknown}
 m - a potion of cancellation {unknown}
 q - a potion of haste {unknown}
 r - a potion of might {unknown}


   Skills:
 + Level 2.4 Dodging
 + Level 2.6 Stealth
 + Level 2.5 Spellcasting
 + Level 4.4 Conjurations


You had 6 spell levels left.
You knew the following spells:

 Your Spells              Type           Power      Damage    Failure   Level
a - Magic Dart            Conj           72%        1d6       2%          1

Your spell library contained the following spells:

 Spells                   Type           Power      Damage    Failure   Level
 Searing Ray              Conj           36%        2d5       4%          2
 Dazzling Flash           Conj/Hex       20%        N/A       21%         3
 Sublimation of Blood     Necr           2%         N/A       26%         2
 Frozen Ramparts          Ice            4%         1d1       45%         3
 Fulminant Prism          Conj/Hex       5%         3d7       56%         4
 Iskenderun's Mystic Bla  Conj/Tloc      10%        2d4       56%         4
 Ice Form                 Ice/Tmut       2%         N/A       86%         4
 Petrify                  Tmut/Erth      2%         N/A       86%         4
 Summon Ice Beast         Ice/Summ       2%         N/A       86%         4
 Irradiate                Conj/Tmut      5%         3d13      88%         5


Dungeon Overview and Level Annotations

Branches:
Dungeon (3/15)

Altars:
Sif Muna
Wu Jian
Yredelemnul
The Shining One

Shops:
D:2 :[:*[

Annotations:
D:3 Terence


Innate Abilities, Weirdness & Mutations

Your plain brown scales are hard. (AC +5)
You cannot fit into any form of body armour.
You are cold-blooded and may be slowed by cold attacks.


Message History

Press: ? - help, Q - select action Shift-Dir - straight line, f/p - Terence
Aim: Terence, wielding a +0 mace and wearing a +0 scale mail (moderately wounded, 100% to hit)
The magic dart hits Terence but does no damage.
Terence is moderately wounded.
The quokka misses you. Terence hits you with a +0 mace.
Aiming: Magic Dart (safe; 2% risk of failure)
Press: ? - help, Q - select action Shift-Dir - straight line, f/p - Terence
Aim: Terence, wielding a +0 mace and wearing a +0 scale mail (moderately wounded, 100% to hit)
The magic dart hits Terence but does no damage.
Terence is moderately wounded.
The quokka bites you but does no damage.
The quokka closely misses you. Terence hits you with a +0 mace!
* * * LOW HITPOINT WARNING * * *
Aiming: Magic Dart (safe; 2% risk of failure)
Press: ? - help, Q - select action Shift-Dir - straight line, f/p - Terence
Aim: Terence, wielding a +0 mace and wearing a +0 scale mail (moderately wounded, 100% to hit)
The magic dart hits Terence.
Terence is moderately wounded.
The quokka barely misses you. Terence completely misses you.
Aiming: Magic Dart (safe; 2% risk of failure)
Press: ? - help, Q - select action Shift-Dir - straight line, f/p - Terence
Aim: Terence, wielding a +0 mace and wearing a +0 scale mail (moderately wounded, 100% to hit)
The magic dart hits Terence.
Terence is heavily wounded.
The quokka misses you. Terence closely misses you.
Aiming: Magic Dart (safe; 2% risk of failure)
Press: ? - help, Q - select action Shift-Dir - straight line, f/p - Terence
Aim: Terence, wielding a +0 mace and wearing a +0 scale mail (heavily wounded, 100% to hit)
The magic dart hits Terence.
Terence is heavily wounded.
The quokka closely misses you. Terence barely misses you.
You don't have enough magic to cast this spell.
Unknown command.
You don't have enough magic to cast this spell.
Unknown command.
You don't have enough magic to cast this spell.
Unknown command.
You closely miss the quokka. The quokka closely misses you. Terence misses you.
The quokka bites you.
You die...

###...#... ### †..#####.
..# ###...#.(. #.# #
#.#.## ## #.# #..... #
#. #.# ##.###
#.#.###.###### #...#
####....@.......# #<..#
.(.....@r..####.# #...#
.......##.......###...##
.............#..........
...$....#.##............
.......##.####..........
................#.#...#.
...............##.#[..#.
######.##########.#...#.
#. #.#...#.


You could see Terence and a quokka.

Vanquished Creatures
  An adder (D:2)
  2 dart slugs (D:1)
  7 ball pythons
  7 bats
  3 endoplasms (D:1)
  2 giant cockroaches
  6 goblins
  2 hobgoblins
  4 kobolds
  6 quokkas
  4 frilled lizards
  4 rats
48 creatures vanquished.

Notes
Turn   | Place    | Note
-------+----------+-------------------------------------------
     0 | D:1      | retardedninja the Draconian Conjurer began the quest for
                  | the Orb.
     0 | D:1      | Reached XP level 1. HP: 14/14 MP: 3/3
     6 | D:1      | Noticed a polar bear
     6 | D:1      | Noticed a wyvern
     6 | D:1      | Noticed an anaconda
     7 | D:1      | Noticed a swamp worm
   561 | D:1      | Reached XP level 2. HP: 20/20 MP: 3/5
   659 | D:1      | Found a faded altar of an unknown god.
  1018 | D:1      | Reached XP level 3. HP: 26/26 MP: 6/6
  1488 | D:2      | Found Cumm's Book Shoppe.
  1496 | D:2      | Found Zeoli Quor's Book Emporium.
  1502 | D:2      | Found Cydesh's Armour Shoppe.
  1714 | D:2      | Found a basalt altar of Yredelemnul.
  1862 | D:2      | Found Bashall's Assorted Antiques.
  1956 | D:2      | Found Mutaebb's Armour Boutique.
  2514 | D:3      | Found a glowing golden altar of the Shining One.
  2514 | D:3      | Found an ornate altar of the Wu Jian Council.
  2514 | D:3      | Found a shimmering blue altar of Sif Muna.
  2743 | D:3      | Noticed Terence
  2749 | D:3      | Identified the ring of Hyjuimoi {rElec rC+ Will+}
  2753 | D:3      | HP: 1/26 [Terence/+0 mace (7)]
  2757 | D:3      | Slain by a quokka

Illustrated notes

Levels and vault maps discovered:
D:1:      onia_arrival_zoo_common, layout_loops_ring,
          nicolae_ecumenical_lake_church
D:2:      layout_loops_ring, serial_shops, nicolae_shop_crystal, shop,
          shop_fountains, nicolae_shop_crystal, shop_fountains, basic_altar
D:3:      layout_loops_cross, gammafunk_temple_overflow_forgotten,
          serial_bayou_pond_c, uniq_terence

Skill      XL: |  1 |
---------------+----+-----
Stealth        | 2 |  2.6
Dodging        | 2 |  2.4
Spellcasting   | |  2.5
Conjurations   | |  4.4

Action                   || total
-------------------------++-------
Melee: Unarmed           ||     5
       Rapier            ||    17
       Tailslap          ||     1
 Cast: Magic Dart        ||    88
 Stab: Sleeping          ||     1
Armor: Skin              ||    16
Dodge: Dodged            ||    38
